AoeStats
← [PSCH] R!ce

Nomad

507532750Analyzed
4v4 RM · 14d ago on Sep 18, 2026· 39m 36s· 8 players
Game mode
Random Map
Map size
231×231
Population
200
Speed
Normal
Resources
Standard
Victory
Conquest
Starting age
Dark Age
Ending age
Imperial Age
RankedLock teamsTeams togetherTeam positionsShared explorationLock speedFull tech treeHidden civsTurbo modeCheats
Victory
Defeat
🇨🇭 Britons · Switzerland
1479
+12
🇨🇭 Bulgarians · Switzerland
1475
+12
🇨🇭 Japanese · Switzerland
1463
+13
🇨🇭 Bengalis · Switzerland
1381
+16
🇹🇷 Magyars · Türkiye
1415
-14
🇹🇷 Burmese · Türkiye
1398
-14
🇭🇰 Gurjaras · Hong Kong SAR China
1386
-13
🇨🇦 Bohemians · Canada
1347
-12
Hieminator
7:54 Loom
14:38 Feudal Age
18:54 Castle Age
17:35 Fletching
20:09 Double-Bit Axe
20:04 Horse Collar
31:50 Town Watch
Sem
5:14 Loom
12:43 Feudal Age
18:20 Double-Bit Axe
18:25 Horse Collar
26:01 Castle Age
24:22 Scale Barding Armor
24:43 Gold Mining
25:55 Bloodlines
27:22 Chain Barding Armor
30:35 Gold Shaft Mining
kinwaleung18
13:03 Feudal Age
14:22 Loom
17:29 Castle Age
16:11 Double-Bit Axe
18:28 Gold Mining
18:59 Bow Saw
18:32 Horse Collar
20:13 Scale Barding Armor
22:13 Bloodlines
23:22 Forging
26:58 Wheelbarrow
28:53 Scale Barding Armor
29:12 Husbandry
32:36 Chain Barding Armor
34:44 Hand Cart
36:15 Stone Mining
36:33 Heavy Plow
37:02 Town Watch
csknahmet27
3:13 Loom
13:02 Feudal Age
19:16 Castle Age
17:52 Fletching
18:03 Padded Archer Armor
21:32 Bodkin Arrow
22:53 Sanctity
23:47 Redemption
36:15 Wheelbarrow
35:36 Gold Mining
35:36 Stone Mining
[PSCH] Reh
4:38 Loom
14:01 Feudal Age
17:45 Castle Age
15:29 Fishing Lines
16:14 Double-Bit Axe
18:00 Gold Mining
19:23 Fletching
20:47 Padded Archer Armor
21:08 Bow Saw
21:56 Leather Archer Armor
23:36 Bloodlines
28:37 Wheelbarrow
30:29 Stone Mining
31:00 Bodkin Arrow
31:16 Gillnets
33:29 Scale Mail Armor
33:30 Town Watch
34:40 Chain Mail Armor
34:52 Forging
38:46 Iron Casting
38:14 Squires
37:59 Arson
[PSCH] wolverito
5:33 Loom
8:34 Loom
12:39 Feudal Age
15:10 Double-Bit Axe
16:13 Fishing Lines
18:21 Forging
21:42 Castle Age
21:39 Wheelbarrow
23:06 Medium Warships
23:18 Bow Saw
24:16 Gillnets
26:48 Bloodlines
26:50 Scale Barding Armor
26:48 Husbandry
27:50 Chain Barding Armor
28:07 Iron Casting
29:59 Hand Cart
29:30 Town Watch
29:44 Horse Collar
33:58 Pikeman
34:39 Squires
35:11 Scale Mail Armor
36:04 Chain Mail Armor
36:56 Gold Mining
42:24 Imperial Age
ChnebelSchnägg
5:08 Loom
12:26 Feudal Age
17:12 Castle Age
16:28 Double-Bit Axe
17:11 Gold Mining
18:30 Horse Collar
19:56 Pikeman
25:51 Wheelbarrow
27:08 Fletching
29:41 Bow Saw
31:19 Hand Cart
31:19 Town Watch
36:23 Imperial Age
36:10 Squires
36:32 Masonry
37:09 Bodkin Arrow
38:07 Scale Mail Armor
[PSCH] R!ce
7:42 Loom
13:11 Feudal Age
14:45 Double-Bit Axe
19:30 Forging
19:13 Fletching
24:12 Castle Age
24:45 Padded Archer Armor
24:17 Crossbowman
25:33 Bodkin Arrow
27:21 Leather Archer Armor
28:42 Ballistics
35:51 Bow Saw
35:24 Horse Collar
40:35 Imperial Age
Connection lost

Rejoining the realm…

Still unreachable

The connection could not be restored.

Session expired

The server has moved on; the page needs a fresh start.